 Dungeon Crawl Stone Soup version 0.23-a0-448-g1c01f63 (webtiles) character file.

55 Dfrag the Firebug (level 3, -4/28 HPs)
             Began as a Naga Fire Elementalist on Nov 20, 2018.
             Killed by divine providence
             ... invoked by an orc priest
              (14 damage)
             ... on level 2 of the Dungeon.
             The game lasted 00:01:34 (847 turns).

Dfrag the Firebug (Naga Fire Elementalist)           Turns: 847, Time: 00:01:35

Health: -4/28      AC:  4    Str: 10    XL:     3   Next: 93%
Magic:  0/7        EV: 10    Int: 16    God:
Gold:   112        SH:  0    Dex: 11    Spells: 6/7 levels left

rFire    . . .     SeeInvis +   (no weapon)
rCold    . . .     Gourm    .   (no shield)
rNeg     . . .     Faith    .   a - +0 robe
rPois    +         Spirit   .   (no helmet)
rElec    .         Reflect  .   m - +0 cloak
rCorr    .         Harm     .   d - +0 pair of gloves
MR       .....                  (no barding)
Stlth    +++.......             b - amulet of regeneration
HPRegen  0.49/turn              g - ring of stealth
MPRegen  0.10/turn              (no ring)

@: short of breath, very slightly contaminated, very slow
A: large, see invisible, deformed body, poison resistance, slowness 2, slow
metabolism 1, spit poison 1, AC +1
a: Spit Poison


You were on level 2 of the Dungeon.
You were not hungry.

You visited 1 branch of the dungeon, and saw 2 of its levels.

You collected 112 gold pieces.

Inventory:

Armour
 a - a +0 robe (worn)
 d - a +0 pair of gloves (worn)
 m - a +0 cloak (worn)
Jewellery
 b - an amulet of regeneration (around neck)
 g - a ring of stealth (left hand)
 n - an uncursed amulet of rage {unknown}
 s - an uncursed ring of stealth
Scrolls
 f - 2 scrolls of enchant weapon {unknown}
 h - a scroll of teleportation {unknown}
 j - a scroll of identify {unknown}
 k - a scroll of fog {unknown}
 o - a scroll of fear {unknown}
 u - a scroll of remove curse {unknown}
Potions
 i - a potion of flight {unknown}
 l - a potion of mutation {unknown}
 p - a potion of invisibility {unknown}
 q - 2 potions of curing {unknown}
 t - a potion of ambrosia {unknown}
Comestibles
 c - 4 rations


   Skills:
 - Level 1.5 Dodging
 - Level 3.0 Stealth
 + Level 2.6 Spellcasting
 + Level 2.2 Conjurations
 + Level 3.6 Fire Magic


You had 6 spell levels left.
You knew the following spells:

 Your Spells              Type           Power        Failure   Level  Hunger
a - Flame Tongue          Conj/Fire      ##...        6%          1    #......

Your spell library contained the following spells:

 Spells                   Type           Power        Failure   Level  Hunger
 Throw Flame              Conj/Fire      ##....       9%          2    ##.....
 Conjure Flame            Conj/Fire      ##......     17%         3    ###....
 Inner Flame              Hex/Fire       #.......     28%         3    ###....
 Sticky Flame             Conj/Fire      ##......     50%         4    #####..
 Fireball                 Conj/Fire      ##........   85%         5    ######.


Dungeon Overview and Level Annotations

Branches:
Dungeon (2/15)

Altars:


Innate Abilities, Weirdness & Mutations

You cannot wear boots.
Your serpentine skin is tough. (AC +1)
You have supernaturally acute eyesight. (SInv)
Armour fits poorly on your strangely shaped body.
Your system is resistant to poisons. (rPois)
You cover ground very slowly.
You have a slow metabolism.
You can spit poison.


Message History

The orc priest is poisoned.
The orc priest is moderately wounded.
You feel slightly more hungry.
Unknown command.
You completely miss the orc priest.
The orc priest is moderately wounded.
The orc priest hits you with a +0 dagger.
You hit the orc priest.
The orc priest is severely wounded.
The orc priest calls down the wrath of Beogh upon you.
Pain shoots through your body!
You hit the orc priest but do no damage.
The orc priest is severely wounded.
The orc priest barely misses you.
You barely miss the orc priest.
The orc priest is severely wounded.
The orc priest invokes the aid of Beogh against you.
Beogh smites you!
Ouch! That really hurt!
You die...

#..>........
#.##########
#†#.# #.#.. #.#.#
#)#.# #[#.# #o#.#
#@#.##########
#.#.#........#
####†#'##'#####.#
#...............#
#...............#
#...............#
#...........>...#
#...............#
####.##########.#


You could see an orc priest.

Vanquished Creatures
  An adder (D:2)
  An ooze (D:2)
  2 dart slugs
  An orc (D:2)
  A ball python (D:1)
  2 goblins
  6 hobgoblins
  4 jackals (D:1)
  5 kobolds
  5 bats
  5 rats
33 creatures vanquished.

Notes
Turn   | Place    | Note
-------+----------+-------------------------------------------
     0 | D:1      | Dfrag the Naga Fire Elementalist began the quest for the
                  | Orb.
     0 | D:1      | Reached XP level 1. HP: 15/15 MP: 3/3
    85 | D:1      | Reached XP level 2. HP: 15/22 MP: 5/5
   356 | D:1      | Reached XP level 3. HP: 27/28 MP: 0/6
   847 | D:2      | Killed from afar by an orc priest

Vault maps used:
D:1:      ebering_trefoil_3fold, supply_closet_lemuel, st_stairs_13,
          minmay_curled_crystal, grunt_decor_one_mirror
D:2:      kennysheep_vampire_church, overflow_temple_1_default

Skill      XL: |  1  2  3 |
---------------+----------+-----
Conjurations   | 2 |  2.2
Dodging        | |  1.5
Stealth        | |  3.0
Spellcasting   | |  2.6
Fire Magic     | |  3.6

Action                   || total
-------------------------++-------
Melee: Unarmed           ||    38
 Cast: Flame Tongue      ||    39
 Abil: Spit Poison       ||    18
  Use: Potion            ||     1
  Eat: Chunk             ||     1
Armor: Robe              ||    28
Dodge: Dodged            ||    41

Table legend:
 A = Non-vault XP
 B = Vault XP
 C = Vault XP percentage of total XP
 D = Non-vault monster count
 E = Vault monster count
 F = Vault count percentage of total count
                 A         B        C        D         E       F
            +---------+---------+-------+---------+---------+-------
      Total |      76 |       3 |   3.8 |      31 |       2 |   6.1
            +---------+---------+-------+---------+---------+-------
        D:1 |      36 |       3 |   7.7 |      19 |       2 |   9.5
        D:2 |      40 |       0 |   0.0 |      12 |       0 |   0.0
            +---------+---------+-------+---------+---------+-------
